 Dungeon Crawl Stone Soup version 0.17.1-1-g73c8601 (webtiles) character file.

63 Flanowski the Sneak (level 4, 0/23 HPs)
             Began as a Vine Stalker Assassin on Jan 1, 2016.
             Slain by Ijyb (1 damage)
             ... on level 4 of the Dungeon.
             The game lasted 00:02:59 (1686 turns).

Flanowski the Sneak (Vine Stalker Assassin)         Turns: 1686, Time: 00:02:59

Health: 0/23       AC:  4    Str: 13    XL:     4   Next: 9%
Magic:  0/5        EV: 12    Int: 11    God:
Gold:   69         SH:  0    Dex: 17    Spells: 0 memorised, 3 levels left

rFire  . . .     SeeInvis .     a - +2 dagger
rCold  . . .     Clarity  .     c - +0 robe
rNeg   . . .     SustAt   .     (no shield)
rPois  .         Gourm    .     (no helmet)
rElec  .         Spirit   +     d - +0 cloak
rCorr  .         Warding  .     (no gloves)
rMut   .         Stasis   .     l - +0 pair of boots
MR     .....                    (no amulet)
Stlth  +++.......               (no ring)
                                (no ring)

@: not resistant to hostile enchantments, fairly stealthy
A: fangs 2, regeneration 1, magic shield, antimagic bite, no device heal 3, rot
immunity
a: no special abilities


You were on level 4 of the Dungeon.
You were very hungry.

You visited 1 branch of the dungeon, and saw 4 of its levels.

You collected 69 gold pieces.

Inventory:

Hand Weapons
 a - a +2 dagger (weapon)
 b - a +0 blowgun
Missiles
 e - 8 poisoned needles
 f - 2 curare-tipped needles
Armour
 c - a +0 robe (worn)
 d - a +0 cloak (worn)
 l - a +0 pair of boots (worn)
Scrolls
 i - a scroll of random uselessness {unknown}
 j - 2 scrolls of identify {unknown}
 n - a scroll of teleportation {unknown}
 o - a scroll of remove curse {unknown}
 p - a scroll of noise {unknown}
 s - a scroll of recharging {unknown}
Potions
 k - a potion of agility {unknown}
 m - a potion of curing {unknown}
 q - 2 potions of lignification {unknown}
Comestibles
 g - a bread ration
 h - 2 meat rations


   Skills:
 * Level 2.0 Fighting
 + Level 2.0 Short Blades
 - Level 1.7 Throwing
 * Level 1.4 Dodging
 + Level 6.2 Stealth


You had 3 spell levels left.
You didn't know any spells.

Dungeon Overview and Level Annotations

Branches:
Dungeon (4/15)
 Temple: D:4-7

Altars:

Annotations:
D:3 Andry07's ghost, amateur VSFi
D:4 Ijyb


Innate Abilities, Weirdness & Mutations

You have extremely sharp teeth.
Your natural rate of healing is unusually fast.
When hurt, damage is shared between your health and your magic reserves.
Your bite disrupts and absorbs the magic of your enemies.
Potions and wands cannot restore your health.
You are immune to rotting.


Message History

You are too injured to fight recklessly!
You are too injured to fight recklessly!
You are too injured to fight recklessly!
You are too injured to fight recklessly!
You are too injured to fight recklessly!
You hit Ijyb.
Ijyb is severely wounded.
The hound barks!
You hear a shout!
The goblin hits you but does no damage.
You completely miss Ijyb.
Ijyb is severely wounded.
Ijyb hits you.
* * * LOW HITPOINT WARNING * * *
The goblin barely misses you.
You miss Ijyb. You bite Ijyb, but do no damage.
Ijyb is severely wounded.
The hound bites you.
* * * LOW HITPOINT WARNING * * *
Ijyb hits you.
You die...

# #######
..
##.....#...
#..........
#..gh......
#..@g......
#......##..
#......#
#........
#########..
.


You could see Ijyb, a hound and a goblin.

Vanquished Creatures
  An adder (D:2)
  3 giant geckos
  4 bats
  3 giant cockroaches (D:1)
  5 hobgoblins (D:1)
  9 jackals (D:2)
  2 giant newts (D:2)
  8 goblins
  6 kobolds
  7 rats
48 creatures vanquished.

Notes
Turn   | Place    | Note
--------------------------------------------------------------
     0 | D:1      | Flanowski the Vine Stalker Assassin began the quest for the Orb.
     0 | D:1      | Reached XP level 1. HP: 11/11 MP: 2/2
    36 | D:1      | Reached skill level 5 in Stealth
    39 | D:1      | Reached skill level 1 in Dodging
    99 | D:1      | Reached XP level 2. HP: 15/15 MP: 3/3
   620 | D:1      | Reached XP level 3. HP: 18/18 MP: 4/4
  1118 | D:2      | Reached skill level 6 in Stealth
  1231 | D:2      | Reached XP level 4. HP: 23/23 MP: 5/5
  1636 | D:3      | Noticed Andry07's ghost (amateur VSFi)
  1646 | D:3      | Noticed Ijyb
  1686 | D:4      | HP: 1/23 [hound (3)]
  1686 | D:4      | Slain by Ijyb

Action                   |  1- 3 |  4- 6 || total
-------------------------+-------+-------++-------
Melee: Dagger            |   116 |    18 ||   134
 Stab: Sleeping          |     9 |     1 ||    10
       Distracted        |     1 |       ||     1
  Eat: Chunk             |     1 |       ||     1
